 Dungeon Crawl Stone Soup version 0.21-a0-104-g7b58145 (webtiles) character file.

601 Celandrion the Covered (level 7, -2/61 HPs)
             Began as a Minotaur Monk on July 6, 2017.
             Was an Elder of Elyvilon.
             Slain by p0werm0de's ghost (15 damage)
             ... on level 4 of the Dungeon.
             The game lasted 00:07:51 (2688 turns).

Celandrion the Covered (Minotaur Monk)              Turns: 2688, Time: 00:07:52

Health: -2/61      AC: 10    Str: 18    XL:     7   Next: 18%
Magic:  6/6        EV:  9    Int:  7    God:    Elyvilon [****..]
Gold:   118        SH:  0    Dex: 12    Spells: 6/6 levels left

rFire    . . .     SeeInvis .   p - +1 flail
rCold    . . .     Gourm    .   (no shield)
rNeg     . . .     Faith    .   s - +0 chain mail
rPois    .         Spirit   .   (helmet restricted)
rElec    .         Reflect  .   (no cloak)
rCorr    .         Harm     .   (no gloves)
MR       .....                  (no boots)
Stlth    ..........             (no amulet)
HPRegen  0.20/turn              (no ring)
MPRegen  0.10/turn              (no ring)

@: no status effects
A: retaliatory headbutt, horns 2
a: Lesser Healing, Heal Other, Purification, Greater Healing, Divine Protection,
Renounce Religion


You were on level 4 of the Dungeon.
You worshipped Elyvilon.
Elyvilon was greatly pleased with you.
You were not hungry.

You visited 1 branch of the dungeon, and saw 4 of its levels.

You collected 118 gold pieces.

Inventory:

Hand Weapons
 p - a +1 flail (weapon)
Armour
 s - a +0 chain mail (worn)
Jewellery
 f - a +3 ring of dexterity {unknown}
 m - an uncursed ring of protection from fire {unknown}
Scrolls
 a - 3 scrolls of teleportation
 e - a scroll of amnesia
 h - a scroll of recharging
Potions
 b - a potion of lignification
 i - a potion of invisibility
 j - 2 potions of might
 k - a potion of haste
 l - 4 potions of curing
 n - a potion of cancellation {unknown}
 r - a potion of magic {unknown}
Comestibles
 c - 3 bread rations
 d - 2 meat rations
 o - a royal jelly


   Skills:
 + Level 5.0 Fighting
   Level 4.4(5.3) Axes
 + Level 4.3(5.3) Maces & Flails
 * Level 5.9 Armour
 + Level 4.1 Dodging
 - Level 1.5 Stealth


You had 6 spell levels left.
You didn't know any spells.

Dungeon Overview and Level Annotations

Branches:
Dungeon (4/15)
 Temple: D:4-7

Altars:
Elyvilon
The Shining One

Annotations:
D:4 p0werm0de's ghost, novice FoCK


Innate Abilities, Weirdness & Mutations

You reflexively headbutt those who attack you in melee.
You have a pair of horns on your head.


Message History

You miss the adder. Your headbutt misses the adder.
The adder is heavily wounded.
The adder barely misses you.
P0werm0de's ghost hits you but does no damage.
Space bends around you. The adder barely misses you.
You hit the adder but do no damage.
The adder is heavily wounded.
P0werm0de's ghost hits you but does no damage.
You are electrocuted!
The adder bites you but does no damage.
You barely miss the adder.
The adder is heavily wounded.
The adder bites you but does no damage. P0werm0de's ghost hits you!
P0werm0de's ghost burns you.
* * * LOW HITPOINT WARNING * * *
The adder closely misses you.
Unknown command.
P0werm0de's ghost hits you.
* * * LOW HITPOINT WARNING * * *
You are electrocuted!
You die...

.##+#....#..#
#........#..#
#........#..#
#........#..#
#######........#..#
#..............#..#
#..............'..#
#.........W....#..#
#.........S@......#
#..........####..###
#..........# #....#
#..........# #....#
#..........# #....#
#..........# #....#
#.........)# #....#
#####......# #....#
#......# #....#


You could see p0werm0de's ghost and an adder.

Vanquished Creatures
  Grinder (D:4)
  Sigmund (D:2)
  2 orc priests (D:3)
  An orc wizard (D:3)
  Terence (D:2)
  6 adders
  2 oozes (D:3)
  A dart slug (D:1)
  2 leopard geckos (D:3)
  8 orcs (D:3)
  A giant cockroach (D:2)
  5 goblins
  9 hobgoblins
  4 jackals
  12 kobolds
  2 ball pythons
  5 bats
  6 frilled lizards
  6 rats
75 creatures vanquished.

Notes
Turn   | Place    | Note
-------+----------+-------------------------------------------
     0 | D:1      | Celandrion the Minotaur Monk began the quest for the Orb.
     0 | D:1      | Reached XP level 1. HP: 19/19 MP: 0/0
   360 | D:1      | Reached XP level 2. HP: 21/27 MP: 1/1
   828 | D:2      | Noticed Terence
   837 | D:2      | Killed Terence
   837 | D:2      | Reached skill level 1 in Armour
   837 | D:2      | Reached XP level 3. HP: 29/33 MP: 2/2
   907 | D:2      | Found a faded altar of an unknown god.
   909 | D:2      | Became a worshipper of Elyvilon the Healer
   909 | D:2      | Reached * piety under Elyvilon
   909 | D:2      | Reached ** piety under Elyvilon
  1006 | D:2      | Reached *** piety under Elyvilon
  1162 | D:2      | Reached XP level 4. HP: 39/40 MP: 3/3
  1165 | D:2      | Found a glowing golden altar of the Shining One.
  1323 | D:2      | Noticed Sigmund
  1332 | D:2      | Killed Sigmund
  1332 | D:2      | Reached XP level 5. HP: 15/47 MP: 4/4
  1865 | D:3      | Reached XP level 6. HP: 53/53 MP: 5/5
  1925 | D:3      | Reached skill level 5 in Armour
  2191 | D:3      | Reached **** piety under Elyvilon
  2544 | D:4      | Noticed Grinder
  2552 | D:4      | Paralysed by Grinder for 5 turns
  2559 | D:4      | Paralysed by Grinder for 7 turns
  2569 | D:4      | Killed Grinder
  2569 | D:4      | Reached skill level 5 in Fighting
  2569 | D:4      | Reached XP level 7. HP: 42/61 MP: 6/6
  2675 | D:4      | Noticed p0werm0de's ghost (novice FoCK)
  2688 | D:4      | Slain by p0werm0de's ghost

Vault maps used:
D:1:      dpeg_arrival_snail, grunt_decor_mini_mirrors, minmay_ruptured
D:2:      tso_oasis_becter, chequers_ecumenical_altar_twisty, uniq_sigmund,
          uniq_terence
D:4:      first_bread, serial_undead, serial_undead_d, serial_undead_e,
          serial_undead_d, serial_undead_a, uniq_grinder

Skill      XL: |  1  2  3  4  5  6 |
---------------+-------------------+-----
Axes           | 4 |  4.4
Fighting       | 4 5 |  5.0
Armour         | 1 2 4 5 |  5.9
Maces & Flails | 2 4 |  4.3
Dodging        | 4 |  4.1
Stealth        | |  1.5

Action                   |  1- 3 |  4- 6 |  7- 9 || total
-------------------------+-------+-------+-------++-------
Melee: Hand axe          |    43 |       |       ||    43
       Headbutt          |     9 |    17 |       ||    26
       Flail             |    28 |   104 |     9 ||   141
  Use: Scroll            |     7 |     5 |     1 ||    13
       Potion            |       |     1 |       ||     1
  Eat: Chunk             |     1 |     4 |     1 ||     6
Armor: Leather armour    |     9 |       |       ||     9
       Scale mail        |    13 |    13 |       ||    26
       Chain mail        |       |    35 |     8 ||    43
Dodge: Dodged            |    56 |    59 |     8 ||   123
